 Dungeon Crawl Stone Soup version 0.22-a0-612-gd2f0174 (webtiles) character file.

2337 sking99 the Cleaver (level 9, -1/105 HPs)
             Began as a Minotaur Berserker on July 11, 2018.
             Was an Elder of Trog.
             Killed by divine providence
             ... invoked by an orc priest
              (12 damage)
             ... on level 7 of the Dungeon.
             The game lasted 00:09:28 (6687 turns).

sking99 the Cleaver (Minotaur Berserker)            Turns: 6687, Time: 00:09:28

Health: -1/105     AC: 10    Str: 27    XL:     9   Next: 19%
Magic:  8/8        EV:  9    Int:  4    God:    Trog [****..]
Gold:   327        SH:  0    Dex: 13    Spells: 8/8 levels left

rFire    . . .     SeeInvis .   u - +1 war axe
rCold    . . .     Gourm    +   (no shield)
rNeg     . . .     Faith    .   v - +0 chain mail (curse)
rPois    .         Spirit   .   (helmet restricted)
rElec    .         Reflect  .   b - +1 cloak
rCorr    .         Harm     .   (no gloves)
MR       +....                  (no boots)
Stlth    ..........             t - amulet of the gourmand
HPRegen  0.27/turn              q - ring of protection from magic
MPRegen  0.11/turn              (no ring)

@: berserking, very quick
A: retaliatory headbutt, horns 2
a: Berserk, Trog's Hand, Brothers in Arms, Renounce Religion


You were on level 7 of the Dungeon.
You worshipped Trog.
Trog was greatly pleased with you.
You were not hungry.

You visited 1 branch of the dungeon, and saw 7 of its levels.
You also visited: Sewer.

You collected 369 gold pieces.
You spent 42 gold pieces at shops.

Inventory:

Hand Weapons
 u - a +1 war axe (weapon)
Armour
 b - a +1 cloak (worn)
 v - a cursed +0 chain mail (worn)
Jewellery
 f - an uncursed ring of fire
 h - an uncursed ring of ice
 q - a ring of protection from magic (left hand)
 t - an amulet of the gourmand (around neck)
Wands
 a - a wand of acid (8)
 o - a wand of random effects (18)
Scrolls
 l - 2 scrolls of identify
 m - a scroll of enchant weapon
 n - a scroll of magic mapping
 s - a scroll of enchant armour
 w - a scroll of immolation
 x - a scroll of remove curse
 y - 2 scrolls of torment {unknown}
Potions
 d - 3 potions of cancellation
 e - 6 potions of haste
 g - 9 potions of curing
 i - a potion of flight {unknown}
 j - a potion of mutation
 k - a potion of lignification
 p - a potion of brilliance
 r - 2 potions of agility
Comestibles
 c - 9 rations


   Skills:
 - Level 3.6 Fighting
 * Level 14.3 Axes
 - Level 2.4 Armour
 - Level 2.1 Dodging


You had 8 spell levels left.
You didn't know any spells.
Your spell library was empty.

Dungeon Overview and Level Annotations

Branches:
Dungeon (7/15)
 Temple: D:4-7

Altars:
Ashenzari
Fedhas
Qazlal
Ru
Sif Muna
Vehumet
Xom

Shops:
D:4 }?:

Annotations:
D:3 1 runed door, soark's ghost, amateur DsGl


Innate Abilities, Weirdness & Mutations

You reflexively headbutt those who attack you in melee.
You have a pair of horns on your head.


Message History

A red film seems to cover your vision as you go berserk!
You feel yourself moving faster!
You feel mighty!
You feel a lot more hungry. The orc warrior closely misses you.
You closely miss the orc warrior. Your headbutt misses the orc warrior.
The orc warrior is heavily wounded.
You barely miss the orc warrior.
The orc warrior is heavily wounded.
The orc warrior closely misses you. Something hits you but does no damage.
You barely miss the orc warrior. You headbutt the orc warrior.
The orc warrior is severely wounded.
You slash the orc warrior!
You feel the power of Trog in you as your rage grows.
You kill the orc warrior!
Trog accepts your kill. Something hits you.
* * * LOW HITPOINT WARNING * * *
You closely miss something.
The orc priest invokes the aid of Beogh against you.
Beogh smites you!
You die...

#...# #...# #...#
#########...#
........#..o#
#.#.##.#.#o#######
##.#.##.#.........# o..
#....##.###o......#
...##..#.##)@{o.>.#+#..
#.<....(.##..##>..#
#............##...###..
#..##.#).###.#.........
#..#..#................
#........###.#.###.#..#
#........# #.......#..#
#........# #.....### ..
#.##.##.## #.....#


You could see an orc priest and an orc.

Vanquished Creatures
  The ghost of sking99 the Chopper, an amateur MiFi (D:4)
  Menkaure (D:6)
  3 orc warriors
  An ice beast (D:6)
  A phantom (D:4)
  2 ogres (D:7)
  A centaur (D:6)
  A crocodile (Sewer)
  Blork the orc (D:6)
  A scorpion (D:6)
  A crimson imp (D:5)
  2 hounds (D:3)
  2 jellies
  3 orc priests
  4 orc wizards
  A gnoll shaman (D:5)
  3 iguanas
  Terence (D:3)
  9 worker ants
  A worker ant zombie (D:7)
  6 gnolls
  5 adders
  A river rat (D:5)
  2 shadow imps
  2 adder skeletons (D:4)
  5 worms
  6 dart slugs
  2 leopard geckos
  19 orcs
  2 giant cockroaches (D:4)
  2 hobgoblins (D:1)
  10 jackals
  3 quokkas
  5 ball pythons
  14 bats
  8 frilled lizards
  8 goblins
  A jackal skeleton (D:5)
  9 kobolds
  A quokka zombie (D:5)
  4 rats
155 creatures vanquished.

Vanquished Creatures (collateral kills)
  Grinder (D:6)
1 creature vanquished.

Vanquished Creatures (others)
  A withered plant (D:3)
1 creature vanquished.

Grand Total: 157 creatures vanquished

Notes
Turn   | Place    | Note
-------+----------+-------------------------------------------
     0 | D:1      | sking99 the Minotaur Berserker began the quest for the Orb.
     0 | D:1      | Reached XP level 1. HP: 19/19 MP: 0/0
   154 | D:1      | Reached skill level 4 in Axes
   314 | D:1      | Reached XP level 2. HP: 26/26 MP: 1/1
   740 | D:2      | Reached skill level 5 in Axes
   740 | D:2      | Reached XP level 3. HP: 25/31 MP: 2/2
   934 | D:2      | Found a radiant altar of Vehumet.
  1033 | D:2      | Reached ** piety under Trog
  1557 | D:3      | Noticed Terence
  1565 | D:3      | Killed Terence
  1565 | D:3      | Reached skill level 6 in Axes
  1565 | D:3      | Reached XP level 4. HP: 33/39 MP: 3/3
  2002 | D:3      | Reached skill level 7 in Axes
  2002 | D:3      | Reached XP level 5. HP: 32/45 MP: 4/4
  2209 | D:3      | Found a runed door.
  2212 | D:3      | Noticed soark's ghost (amateur DsGl)
  2290 | D:3      | Found a shimmering altar of Xom.
  2290 | D:3      | Found a shattered altar of Ashenzari.
  2292 | D:3      | Found a blossoming altar of Fedhas.
  2321 | D:3      | Found a stormy altar of Qazlal.
  2512 | D:3      | Found a deep blue altar of Sif Muna.
  2571 | D:4      | Found a sacrificial altar of Ru.
  2701 | D:4      | Reached *** piety under Trog
  2701 | D:4      | Reached skill level 8 in Axes
  2903 | D:4      | Reached XP level 6. HP: 48/51 MP: 5/5
  3144 | D:4      | Found Ofacyel's Magic Scroll Shoppe.
  3152 | D:4      | Bought a scroll of magic mapping for 42 gold pieces
  3164 | D:4      | Found Yshrimit's Gadget Emporium.
  3211 | D:4      | Found a runed door.
  3212 | D:4      | Noticed sking99's ghost (amateur MiFi)
  3275 | D:4      | Reached skill level 9 in Axes
  3420 | D:4      | Found Xidegaem's Book Boutique.
  3643 | D:4      | Killed sking99's ghost
  3643 | D:4      | Reached skill level 10 in Axes
  3643 | D:4      | Reached XP level 7. HP: 51/57 MP: 6/6
  3761 | D:5      | Entered Level 5 of the Dungeon
  4263 | D:5      | Reached **** piety under Trog
  4270 | D:5      | Reached skill level 11 in Axes
  4288 | D:5      | Found a glowing drain.
  4331 | Sewer    | Entered a sewer
  4448 | D:5      | Reached XP level 8. HP: 55/64 MP: 7/7
  4690 | D:6      | Noticed Grinder
  4697 | D:6      | Killed Grinder
  4697 | D:6      | Reached skill level 12 in Axes
  5344 | D:6      | Reached skill level 13 in Axes
  5418 | D:6      | Noticed Blork the orc
  5426 | D:6      | Killed Blork the orc
  5552 | D:6      | Noticed Menkaure
  5557 | D:6      | Killed Menkaure
  6282 | D:7      | Reached XP level 9. HP: 70/70 MP: 8/8
  6493 | D:7      | Reached skill level 14 in Axes
  6513 | D:7      | HP: 4/105 [orc warrior/glaive (3)]
  6687 | D:7      | Killed from afar by an orc priest

Vault maps used:
D:1:      nicolae_arrival_memento_mori
D:2:      vehumet_crystals
D:3:      overflow_temple_1_default, gammafunk_temple_overflow_forgotten,
          led_sif_book, gammafunk_ghost_grave, first_ration,
          cheibrodos_gnoll_hut, uniq_terence
D:4:      nicolae_ru_sacrificial_ziggurat, serial_shops, shop_fountains, shop,
          nicolae_shop_waterfront, ebering_ghost_reflecting_pool
D:5:      portal_sewer_entry_a
D:6:      uniq_menkaure, uniq_grinder, uniq_blork_the_orc
D:7:      kennysheep_mini_moat, temple_statues, basic_altar, minivault_25
Sewer:    sewer_big_baddie

Skill      XL: |  1  2  3  4  5  6  7  8  9 |
---------------+----------------------------+-----
Axes           | 4 5 6 7 8 10 11 13 14 | 14.3
Fighting       | |  3.6
Armour         | |  2.4
Dodging        | |  2.1

Action                   |  1- 3 |  4- 6 |  7- 9 || total
-------------------------+-------+-------+-------++-------
Melee: Hand axe          |    75 |   143 |    32 ||   250
       Headbutt          |    17 |    33 |    45 ||    95
       War axe           |       |       |   152 ||   152
Invok: Berserk           |     1 |     2 |     4 ||     7
       Brothers in Arms  |       |       |     1 ||     1
  Use: Scroll            |     4 |     3 |    11 ||    18
  Eat: Chunk             |     1 |     9 |    23 ||    33
Armor: Animal skin       |     6 |       |       ||     6
       Scale mail        |       |    50 |    38 ||    88
       Chain mail        |       |       |    25 ||    25
Dodge: Dodged            |    41 |    57 |    64 ||   162

Table legend:
 A = Spawn XP
 B = Non-spawn XP
 C = Spawn XP percentage of total XP
 D = Spawn monster count
 E = Non-spawn monster count
 F = Spawn count percentage of total count
 G = Total turns spent on level
                    A         B        C        D         E        F      G
               +---------+---------+-------+---------+---------+-------+---------
         Total |       0 |    3339 |   0.0 |       0 |     156 |   0.0 |  6687
               +---------+---------+-------+---------+---------+-------+---------
           D:1 |       0 |      21 |   0.0 |       0 |      13 |   0.0 |   550
           D:2 |       0 |      53 |   0.0 |       0 |      21 |   0.0 |   830
           D:3 |       0 |     217 |   0.0 |       0 |      32 |   0.0 |  1341
           D:4 |       0 |     762 |   0.0 |       0 |      30 |   0.0 |  1391
           D:5 |       0 |     319 |   0.0 |       0 |      26 |   0.0 |   420
           D:6 |       0 |    1166 |   0.0 |       0 |      18 |   0.0 |  1635
           D:7 |       0 |     692 |   0.0 |       0 |      10 |   0.0 |   418
         Sewer |       0 |     109 |   0.0 |       0 |       6 |   0.0 |   102
               +---------+---------+-------+---------+---------+-------+---------
